 Dungeon Crawl Stone Soup version 0.20.0-10-g0535bb4 (webtiles) character file.

3924 dvd the Basher (level 10, -1/61 HPs)
             Began as a Gargoyle Gladiator on June 3, 2017.
             Was a High Priest of Elyvilon.
             Killed from afar by CalmDownMonkey's ghost (31 damage)
             ... with a stone arrow
             ... on level 8 of the Dungeon.
             The game lasted 00:18:30 (7990 turns).

dvd the Basher (Gargoyle Gladiator)                 Turns: 7990, Time: 00:18:31

Health: -1/61      AC: 22    Str: 20    XL:     10   Next: 20%
Magic:  10/10      EV: 12    Int:  8    God:    Elyvilon [*****.]
Gold:   484        SH:  0    Dex: 13    Spells: 9/9 levels left

rFire    . . .     SeeInvis +   a - +0 whip (elec)
rCold    . . .     Gourm    .   (no shield)
rNeg     + . .     Faith    .   H - +0 scale mail
rPois    ∞         Spirit   .   e - +2 helmet
rElec    +         Reflect  .   K - +2 cloak
rCorr    .         Harm     .   z - +0 pair of gloves
MR       .....                  (no boots)
Stlth    +.........             (no amulet)
Regen    0.2/turn               J - ring of see invisible
MPRegen  0.2/turn               (no ring)

@: no status effects
A: negative energy resistance 1, electricity resistance, unbreathing,
petrification resistance, rot immunity, AC +7
a: Lesser Healing, Heal Other, Purification, Greater Healing, Divine Vigour,
Divine Protection, Renounce Religion


You were on level 8 of the Dungeon.
You worshipped Elyvilon.
Elyvilon was extremely pleased with you.
You were not hungry.

You visited 2 branches of the dungeon, and saw 9 of its levels.

You collected 484 gold pieces.

Inventory:

Hand Weapons
 a - a +0 whip of electrocution (weapon)
 j - a +0 flail
 s - a +0 war axe
 C - a +2 halberd of chopping
 M - a +2 whip of freezing
Missiles
 d - 3 throwing nets (quivered)
Armour
 e - a +2 helmet (worn)
 z - a +0 pair of gloves (worn)
 F - a +0 chain mail
 H - a +0 scale mail (worn)
 K - a +2 cloak (worn)
Magical Staves
 q - an uncursed staff of fire
Jewellery
 E - an uncursed ring of fire
 J - a ring of see invisible (left hand)
Scrolls
 b - a scroll of fog {unknown}
 c - a scroll of remove curse {unknown}
 g - 2 scrolls of random uselessness {unknown}
 k - 5 scrolls of identify {unknown}
 m - a scroll of teleportation {unknown}
 n - 2 scrolls of amnesia {unknown}
 o - 3 scrolls of magic mapping {unknown}
 v - a scroll of noise {unknown}
 w - a scroll of immolation {unknown}
 y - 3 scrolls of recharging {unknown}
 L - 2 scrolls of acquirement {unknown}
 O - a scroll of fear {unknown}
Potions
 i - 3 potions of curing
 l - 6 potions of mutation {unknown}
 p - a potion of resistance {unknown}
 r - 4 potions of flight {unknown}
 t - a potion of invisibility {unknown}
 x - 2 potions of might {unknown}
 A - a potion of haste {unknown}
 B - 4 potions of agility {unknown}
 D - 2 potions of ambrosia {unknown}
 N - a potion of lignification {unknown}
Comestibles
 f - 3 bread rations
 h - 8 fruits
 u - 3 meat rations
 G - a chunk of flesh
 I - 5 royal jellies


   Skills:
 + Level 6.8 Fighting
 + Level 10.2 Maces & Flails
 + Level 2.1 Throwing
 + Level 7.0 Armour
 + Level 4.8 Dodging
 + Level 2.7 Stealth
 + Level 0.2 Invocations


You had 9 spell levels left.
You didn't know any spells.

Dungeon Overview and Level Annotations

Branches:
Dungeon (8/15)             Temple (1/1) D:4
   Lair: D:8-11

Altars:
Ashenzari
Cheibriados
Dithmenos
Elyvilon
Fedhas
Gozag
Kikubaaqudgha
Makhleb
Nemelex Xobeh
Qazlal
Ru
Sif Muna
Trog
Uskayaw
Vehumet
Zin
The Shining One

Annotations:
D:8 CalmDownMonkey's ghost, journeyman GrEE


Innate Abilities, Weirdness & Mutations

You are resistant to torment.
Your stone body is resilient. (AC +7)
You are immune to poison.
You resist negative energy. (rN+)
You are resistant to electric shocks. (rElec)
You can survive without breathing.
You are immune to petrification.
You are immune to rotting.


Message History

You barely miss CalmDownMonkey's ghost.
CalmDownMonkey's ghost is moderately damaged.
You closely miss CalmDownMonkey's ghost.
CalmDownMonkey's ghost is moderately damaged.
CalmDownMonkey's ghost ripples.
CalmDownMonkey's ghost hits you but does no damage.
You hit CalmDownMonkey's ghost.
CalmDownMonkey's ghost is moderately damaged.
CalmDownMonkey's ghost hits you but does no damage.
You hit CalmDownMonkey's ghost but do no damage.
CalmDownMonkey's ghost is moderately damaged.
CalmDownMonkey's ghost whispers, "Trust me.
Just give in."
CalmDownMonkey's ghost gestures at you while chanting.
The blast of sand hits you!
CalmDownMonkey's ghost points at you and mumbles some strange words.
The stone arrow hits you!
CalmDownMonkey's ghost gestures at you while chanting.
The stone arrow hits you!
Ouch! That really hurt!
You die...

#....'................... .#
#.####......#####.###.#####.#
#.# ##.....................#/.#
#.#####.######....###..........#
........)......>.W.W....######.#
##.#....#.####+#.######.# #
##.#....#........# #.#
.#.#....#........# #.#
.#.#....#.......@# #.#
...#....#.......<# ..#
#..#....#.......## ###
#..#....##......#
#..#....##......#
##.##...##......#
#+#######......# ########


You could see CalmDownMonkey's ghost.

Vanquished Creatures
  Pikel (D:8)
  The ghost of anfisbena the Firebug, a novice OgFE (D:5)
  A hornet (D:8)
  The ghost of anfisbena the Skirmisher, an amateur VSFi (D:4)
  Sigmund (D:2)
  Menkaure (D:5)
  A water moccasin (D:7)
  An orc warrior (D:8)
  An ice beast (D:6)
  A sky beast (D:7)
  A slave (D:8)
  2 ogres
  5 bullfrogs
  2 scorpions
  12 killer bees (D:7)
  A howler monkey (D:7)
  A crimson imp (D:7)
  A bullfrog zombie (D:6)
  A centaur zombie (D:5)
  2 hounds
  A gnoll shaman (D:7)
  Crazy Yiuf (D:7)
  A centaur skeleton (D:6)
  2 iguanas (D:4)
  8 orc wizards
  3 worker ants
  9 adders
  14 gnolls
  A shadow imp (D:6)
  An ooze (D:5)
  An adder zombie (D:3)
  4 adder skeletons
  5 worms
  4 dart slugs
  5 leopard geckos
  19 orcs
  2 ball pythons
  5 giant cockroaches
  9 goblins
  7 hobgoblins
  11 jackals
  10 kobolds
  3 quokkas
  7 bats
  4 frilled lizards
  2 leopard gecko skeletons
  A leopard gecko zombie (D:6)
  A quokka zombie (D:8)
  7 rats
186 creatures vanquished.

Notes
Turn   | Place    | Note
-------+----------+-------------------------------------------
     0 | D:1      | dvd the Gargoyle Gladiator began the quest for the Orb.
     0 | D:1      | Reached XP level 1. HP: 12/12 MP: 1/1
   260 | D:1      | Reached XP level 2. HP: 18/18 MP: 2/2
   842 | D:1      | Reached XP level 3. HP: 22/22 MP: 3/3
  1046 | D:2      | Noticed Sigmund
  1064 | D:2      | Killed Sigmund
  1064 | D:2      | Reached skill level 4 in Maces & Flails
  1064 | D:2      | Reached skill level 1 in Armour
  1064 | D:2      | Reached XP level 4. HP: 22/28 MP: 4/4
  1064 | D:2      | Reached XP level 5. HP: 25/32 MP: 5/5
  1171 | D:2      | Found a blossoming altar of Fedhas.
  1230 | D:2      | Reached skill level 5 in Maces & Flails
  1372 | D:2      | Reached XP level 6. HP: 37/37 MP: 6/6
  1653 | D:3      | Found a faded altar of an unknown god.
  1671 | D:3      | Became a worshipper of Elyvilon the Healer
  1671 | D:3      | Reached * piety under Elyvilon
  2026 | D:3      | Reached ** piety under Elyvilon
  2429 | D:4      | Noticed anfisbena's ghost (amateur VSFi)
  2809 | D:4      | Found a bloodstained altar of Trog.
  2898 | D:4      | Found a staircase to the Ecumenical Temple.
  2904 | Temple   | Entered the Ecumenical Temple
  3094 | D:4      | Found a stormy altar of Qazlal.
  3247 | D:4      | Found a sacrificial altar of Ru.
  3259 | D:4      | Reached *** piety under Elyvilon
  3265 | D:4      | Killed anfisbena's ghost
  3265 | D:4      | Reached skill level 1 in Stealth
  3265 | D:4      | Reached XP level 7. HP: 32/42 MP: 7/7
  3283 | D:4      | Reached skill level 6 in Maces & Flails
  3902 | D:4      | Found a burning altar of Makhleb.
  3902 | D:4      | Noticed a blizzard demon
  3978 | D:5      | Entered Level 5 of the Dungeon
  4117 | D:5      | Noticed anfisbena's ghost (novice OgFE)
  4148 | D:5      | Elyvilon protects you from harm!
  4154 | D:5      | Killed anfisbena's ghost
  4154 | D:5      | Reached skill level 7 in Maces & Flails
  4154 | D:5      | Reached XP level 8. HP: 23/48 MP: 8/8
  4443 | D:5      | Noticed Menkaure
  4448 | D:5      | Killed Menkaure
  4628 | D:5      | Found a radiant altar of Vehumet.
  4701 | D:5      | Reached **** piety under Elyvilon
  4787 | D:5      | Reached skill level 5 in Fighting
  5193 | D:6      | Reached skill level 8 in Maces & Flails
  5246 | D:6      | Reached XP level 9. HP: 44/54 MP: 9/9
  5443 | D:6      | Found a glowing golden altar of the Shining One.
  6047 | D:6      | Reached skill level 5 in Armour
  6056 | D:6      | Reached ***** piety under Elyvilon
  6461 | D:7      | Reached skill level 9 in Maces & Flails
  7307 | D:7      | Found an opulent altar of Gozag.
  7456 | D:7      | Found a runed door.
  7460 | D:7      | Noticed Crazy Yiuf
  7469 | D:7      | Killed Crazy Yiuf
  7597 | D:8      | Reached XP level 10. HP: 61/61 MP: 10/10
  7642 | D:8      | Found a hide-covered altar of Uskayaw.
  7800 | D:8      | Reached skill level 10 in Maces & Flails
  7842 | D:8      | Noticed Pikel
  7856 | D:8      | Killed Pikel
  7949 | D:8      | Noticed CalmDownMonkey's ghost (journeyman GrEE)
  7990 | D:8      | Killed from afar by CalmDownMonkey's ghost

Skill      XL: |  1  2  3  4  5  6  7  8  9 10 |
---------------+-------------------------------+-----
Throwing       | 2 |  2.1
Fighting       | 3 4 5 6 |  6.8
Maces & Flails | 4 5 7 8 9 10 | 10.2
Armour         | 1 3 4 6 7 |  7.0
Dodging        | 3 4 |  4.8
Stealth        | 1 2 |  2.7
Invocations    | |  0.2

Action                   |  1- 3 |  4- 6 |  7- 9 | 10-12 || total
-------------------------+-------+-------+-------+-------++-------
Melee: Flail             |    80 |       |       |       ||    80
       Whip              |    41 |   173 |   504 |    62 ||   780
Throw: Throwing net      |     1 |       |     1 |       ||     2
Invok: Lesser Healing    |       |       |       |     2 ||     2
  Use: Potion            |     1 |       |       |       ||     1
  Eat: Chunk             |     1 |     7 |    13 |     2 ||    23
Armor: Leather armour    |    36 |    51 |    16 |       ||   103
       Chain mail        |       |       |    40 |       ||    40
       Scale mail        |       |       |   120 |    18 ||   138
Dodge: Dodged            |    90 |    72 |   194 |    17 ||   373
